 Dungeon Crawl Stone Soup version 0.22-a0-542-gce4f928 (webtiles) character file.

47 MothsLongingForFire the Skirmisher (level 3, 0/42 HPs)
             Began as an Ogre Berserker on June 24, 2018.
             Was a Believer of Trog.
             Slain by an adder (3 damage)
             ... on level 2 of the Dungeon.
             The game lasted 00:02:21 (1244 turns).

MothsLongingForFire the Skirmisher (Ogre Berserker) Turns: 1244, Time: 00:02:22

Health: 0/42       AC:  3    Str: 21    XL:     3   Next: 70%
Magic:  3/3        EV: 10    Int:  8    God:    Trog [**....]
Gold:   38         SH:  0    Dex:  9    Spells: 2/2 levels left

rFire    . . .     SeeInvis .   a - +0 hand axe
rCold    . . .     Gourm    .   (no shield)
rNeg     . . .     Faith    .   b - +0 animal skin
rPois    .         Spirit   .   (helmet restricted)
rElec    .         Reflect  .   (no cloak)
rCorr    .         Harm     .   (gloves unavailable)
MR       ++...                  (boots unavailable)
Stlth    +.........             (no amulet)
HPRegen  1.14/turn              (no ring)
MPRegen  0.08/turn              (no ring)

@: lethally poisoned (0 -> -1), berserk cooldown, regenerating, slowed, very
slow
A: large, unfitting armour, tough skin 1
a: Berserk, Trog's Hand, Renounce Religion


You were on level 2 of the Dungeon.
You worshipped Trog.
Trog was pleased with you.
You were not hungry.

You visited 1 branch of the dungeon, and saw 2 of its levels.

You collected 38 gold pieces.


Innate Abilities, Weirdness & Mutations

You are too large for most types of armour.
You have tough skin. (AC +1)


   Skills:
 + Level 5.1 Fighting
 + Level 3.8 Axes
 - Level 2.6 Dodging


You had 2 spell levels left.
You didn't know any spells.
Your spell library was empty.

Inventory:

Hand Weapons
 a - a +0 hand axe (weapon)
Missiles
 e - 82 stones (quivered)
Armour
 b - a +0 animal skin (worn)
Jewellery
 j - an uncursed amulet of rage {unknown}
Scrolls
 d - 2 scrolls of enchant armour {unknown}
 f - 2 scrolls of identify {unknown}
 g - a scroll of blinking {unknown}
 h - a scroll of remove curse {unknown}
 i - a scroll of teleportation {unknown}
Comestibles
 c - 2 rations {@e1}

Dungeon Overview and Level Annotations

Branches:
Dungeon (2/15)

Altars:

..... #...# #...# #...#
#...# #...## # ##+####
#....###.#
#.....####....#@#.#####
+.....'..'.....†S......
#.....####...##.#.#####
###.....#########.#.#
.........................
###.......#.......#.##...
.##.###.....##.......#
.'.)..+.....##.#... ...
.##.###.....##.#.......#


You could see an adder.


Message History

The adder barely misses you.
Use which ability? (? or * to list) You're too hungry.
You eat one of the 3 rations {@e1}.
That ration really hit the spot!
* * * LOW HITPOINT WARNING * * *
You feel sick. The adder barely misses you. The adder closely misses you.
Use which ability? (? or * to list)
Your skin crawls.
You feel resistant to hostile enchantments.
You feel somewhat more hungry.
You feel sick. The adder bites you but does no damage. The adder bites you.
* * * LOW HITPOINT WARNING * * *
You are more poisoned.
The adder poisons you!
You aren't carrying any potions.
Use which ability? (? or * to list) You're still recovering from your berserk rage.
You hit the adder.
The adder is heavily wounded.
You feel sick. The adder barely misses you. The adder misses you.
The adder completely misses you.
You closely miss the adder.
The adder is heavily wounded.
You feel sick. The adder closely misses you. x2
You barely miss the adder.
The adder is heavily wounded.
You feel sick. The adder bites you.
* * * LOW HITPOINT WARNING * * *
The adder bites you.
You die...

Skill      XL: |  1  2  3 |
---------------+----------+-----
Fighting       | 5 |  5.1
Axes           | |  3.8
Dodging        | |  2.6

Action                   || total
-------------------------++-------
Melee: Hand axe          ||   111
Invok: Berserk           ||     2
       Trog's Hand       ||     2
  Eat: Ration            ||     1
       Chunk             ||     1
Armor: Animal skin       ||    42
Dodge: Dodged            ||    79

Vault maps used:
D:1:      giann_bridges
D:2:      first_ration, minmay_hexomino_f4, uniq_sigmund, uniq_natasha

Notes
Turn   | Place    | Note
-------+----------+-------------------------------------------
     0 | D:1      | MothsLongingForFire the Ogre Berserker began the quest for the Orb.
     0 | D:1      | Reached XP level 1. HP: 24/24 MP: 1/1
   134 | D:1      | Reached XP level 2. HP: 33/33 MP: 2/2
   899 | D:1      | Reached XP level 3. HP: 38/41 MP: 3/3
  1172 | D:2      | Reached ** piety under Trog
  1195 | D:2      | Reached skill level 5 in Fighting
  1244 | D:2      | HP: 3/42 [adder (3)]
  1244 | D:2      | Slain by an adder

Vanquished Creatures
  An adder (D:2)
  2 dart slugs (D:1)
  3 bats
  A giant cockroach (D:1)
  4 goblins (D:1)
  A hobgoblin (D:1)
  7 jackals
  A ball python (D:2)
  4 kobolds
  9 rats
33 creatures vanquished.

Table legend:
 A = Turns spent in this place as a percentage of turns spent in the entire game.
 B = Non-inter-level travel turns spent in this place as a percentage of non-inter-level travel turns spent in the entire game.
 C = Inter-level travel turns spent in this place as a percentage of turns spent in this place.
 D = Turns resting spent in this place as a percentage of non-inter-level travel turns spent in this place.
 E = Turns spent auto-exploring this place as a percentage of non-inter-level travel turns spent in this place.
 F = Non-inter-level travel turns spent in this place divided by the number of levels of this place that you've seen.
                   A       B       C       D       E      F
               +-------+-------+-------+-------+-------+----------------------
         Total | 100.0 | 100.0 |   1.0 |  25.6 |  54.6 | 616.0
       Dungeon | 100.0 | 100.0 |   1.0 |  25.6 |  54.6 | 616.0
               +-------+-------+-------+-------+-------+----------------------

Table legend:
 A = Spawn XP
 B = Non-spawn XP
 C = Spawn XP percentage of total XP
 D = Spawn monster count
 E = Non-spawn monster count
 F = Spawn count percentage of total count
 G = Total turns spent on level
                    A         B        C        D         E        F      G
               +---------+---------+-------+---------+---------+-------+---------
         Total |       0 |      68 |   0.0 |       0 |      33 |   0.0 |  1244
               +---------+---------+-------+---------+---------+-------+---------
           D:1 |       0 |      42 |   0.0 |       0 |      24 |   0.0 |  1168
           D:2 |       0 |      26 |   0.0 |       0 |       9 |   0.0 |    76
               +---------+---------+-------+---------+---------+-------+---------
